 Dungeon Crawl Stone Soup version 0.18-a0-1078-gebb93d0 (webtiles) character file.

283 ater218 the Shield-Bearer (level 6, -1/47 HPs)
             Began as a Vampire Fighter on Jan 14, 2016.
             Slain by tof's ghost (13 damage)
             ... on level 4 of the Dungeon.
             The game lasted 00:10:29 (2778 turns).

ater218 the Shield-Bearer (Vampire Fighter)         Turns: 2778, Time: 00:10:29

Health: -1/47      AC:  9    Str: 16    XL:     6   Next: 7%
Magic:  6/6        EV: 12    Int: 11    God:
Gold:   199        SH: 10    Dex: 25    Spells: 0 memorised, 5 levels left

rFire  . . .     SeeInvis +     d - +1 dagger (drain)
rCold  + + .     Gourm    .     b - +0 scale mail
rNeg   + + +     Faith    .     l - +0 shield
rPois  +         Spirit   .     (no helmet)
rElec  .         Dismiss  .     (no cloak)
rCorr  .         Reflect  .     p - +1 pair of gloves
SustAt .         Harm     .     (no boots)
MR     .....                    (no amulet)
Stlth  ++........               j - +3 ring of dexterity
                                i - +3 ring of dexterity

@: agile, regenerating slowly, not resistant to hostile enchantments, unstealthy
A: fangs 3, see invisible, unbreathing, sturdy frame 1
a: Bat Form


You were on level 4 of the Dungeon.
You were near bloodless.

You visited 1 branch of the dungeon, and saw 4 of its levels.

You collected 199 gold pieces.

Inventory:

Hand Weapons
 a - a +0 long sword
 d - a +1 dagger of draining (weapon)
Armour
 b - a +0 scale mail (worn)
 l - a +0 shield (worn)
 p - a +1 pair of gloves (worn)
Jewellery
 i - a +3 ring of dexterity (left hand)
 j - a +3 ring of dexterity (right hand)
Scrolls
 f - a scroll of identify
 g - 3 scrolls of remove curse
 n - a scroll of magic mapping {unknown}
 q - a scroll of recharging {unknown}
 r - a scroll of enchant armour {unknown}
Potions
 c - a potion of invisibility {unknown}
 e - 13 potions of blood
 h - a potion of heal wounds
 k - a potion of curing
 m - a potion of cancellation


   Skills:
 + Level 3.6 Fighting
 * Level 1.2(2.8) Short Blades
 + Level 3.6(3.7) Long Blades
 + Level 3.4 Armour
 + Level 3.9 Shields


You had 5 spell levels left.
You didn't know any spells.

Dungeon Overview and Level Annotations

Branches:
Dungeon (4/15)
 Temple: D:4-7

Altars:
Fedhas
Vehumet

Annotations:
D:4 tof's ghost, novice FoFi


Innate Abilities, Weirdness & Mutations

You heal slowly.
You have razor-sharp teeth.
You have supernaturally acute eyesight.
You can survive without breathing.
Your movements are slightly less encumbered by armour (ER -2).


Message History

Tof's ghost is lightly damaged.
You block tof's ghost's attack.
You hit tof's ghost but do no damage.
Tof's ghost is lightly damaged.
Tof's ghost laughs crazily.
Tof's ghost barely misses you.
You hit tof's ghost but do no damage.
Tof's ghost is lightly damaged.
Tof's ghost hits you!
* * * LOW HITPOINT WARNING * * *
You hit tof's ghost but do no damage. You bite tof's ghost, but do no damage.
Tof's ghost is lightly damaged.
You block tof's ghost's attack.
You barely miss tof's ghost. You bite tof's ghost, but do no damage.
Tof's ghost is lightly damaged.
You block tof's ghost's attack.
You hit tof's ghost but do no damage.
Tof's ghost is lightly damaged.
Tof's ghost hits you!
You die...

.#..........
'#.......... #
............ #.#
....####### .#.# # ....#
... .. .#### ###.##...
.# #........ .#
######......>. .#
#.....@W......
.########+#.####........
.##.........# .........
..'.........# #.........
..#.........# #.........
..#.........# #<........
..#.........# #.########
..#...<.....# #.
..#.........#


You could see tof's ghost.

Vanquished Creatures
  The ghost of tof the Shield-Bearer, an amateur DsFi (D:3)
  A scorpion (D:4)
  A giant frog skeleton (D:4)
  Ijyb (D:2)
  3 adders
  An ooze (D:3)
  2 worms (D:3)
  2 giant geckos (D:3)
  3 orcs (D:3)
  5 giant cockroaches
  3 goblins
  11 hobgoblins
  5 jackals
  A quokka (D:3)
  A ball python (D:1)
  4 bats
  4 giant newts
  5 kobolds
  4 rats
58 creatures vanquished.

Notes
Turn   | Place    | Note
--------------------------------------------------------------
     0 | D:1      | ater218 the Vampire Fighter began the quest for the Orb.
     0 | D:1      | Reached XP level 1. HP: 17/17 MP: 1/1
   211 | D:1      | Reached XP level 2. HP: 21/23 MP: 2/2
   664 | D:2      | Reached skill level 3 in Fighting
   737 | D:2      | Noticed Ijyb
   756 | D:2      | Killed Ijyb
   756 | D:2      | Reached XP level 3. HP: 6/29 MP: 3/3
  1075 | D:2      | Found a faded altar to an unknown god.
  1224 | D:2      | Found a blossoming altar of Fedhas.
  1351 | D:2      | Reached XP level 4. HP: 35/35 MP: 4/4
  1549 | D:3      | Found a radiant altar of Vehumet.
  1781 | D:3      | Noticed tof's ghost (amateur DsFi)
  1784 | D:3      | Gained mutation: Your movements are slightly less encumbered by armour (ER -2). [potion of beneficial mutation]
  1792 | D:3      | Killed tof's ghost
  1792 | D:3      | Reached XP level 5. HP: 30/41 MP: 5/5
  2502 | D:4      | Reached skill level 1 in Short Blades
  2535 | D:4      | Reached XP level 6. HP: 44/47 MP: 6/6
  2760 | D:4      | Noticed tof's ghost (novice FoFi)
  2778 | D:4      | Slain by tof's ghost

Vault maps used:
D:1:      lightli_arrival_maybe_door_vault, minmay_crystal_room
D:2:      overflow_temple_1_default, ecumenical_altar_2, hex_intersection,
          grunt_decor_arrowhead, uniq_iyjb
D:3:      vehumet_crystals
D:4:      enter_ossuary_3, uniq_eustachio

Action                   |  1- 3 |  4- 6 || total
-------------------------+-------+-------++-------
Melee: Long sword        |    89 |    38 ||   127
       Dagger            |       |    84 ||    84
  Use: Potion            |     3 |     5 ||     8
       Scroll            |     2 |     2 ||     4
